AoeStats
← Der Sprudel

Golden Pit

507532964Analyzed
1v1 RM · 13d ago on Sep 18, 2026· 27m 45s· 2 players
Game mode
Random Map
Map size
Tiny (2 player)
Population
200
Speed
Normal
Resources
Standard
Victory
Conquest
Starting age
Dark Age
Ending age
Imperial Age
RankedLock teamsTeams togetherTeam positionsShared explorationLock speedFull tech treeHidden civsTurbo modeCheats
Victory
Defeat
🇦🇷 Ethiopians · Argentina
1280
+16
🇩🇪 Bengalis · Germany
1283
-16
le avispe
7:31 Loom
10:06 Feudal Age
10:29 Man-at-Arms
11:26 Double-Bit Axe
11:23 Horse Collar
18:38 Castle Age
17:29 Gold Mining
19:33 Heavy Plow
20:14 Bow Saw
21:46 Fletching
24:35 Bodkin Arrow
27:33 Crossbowman
28:19 Thumb Ring
Der Sprudel
7:34 Loom
9:59 Feudal Age
14:01 Double-Bit Axe
21:47 Castle Age
20:58 Horse Collar
23:28 Crossbowman
24:00 Fletching
26:18 Bow Saw
Connection lost

Rejoining the realm…

Still unreachable

The connection could not be restored.

Session expired

The server has moved on; the page needs a fresh start.